 Dungeon Crawl Stone Soup version 0.31.0-12-g77e489cdc1 (webtiles) character file.

Game seed: 17610131226046266012

38 hawla the Shield-Bearer (level 3, 0/31 HPs)
             Began as a Minotaur Fighter on Mar 3, 2024.
             Succumbed to a goblin's poison
             ... on level 2 of the Dungeon.
             The game lasted 00:01:50 (574 turns).

hawla the Shield-Bearer (Minotaur Fighter)           Turns: 574, Time: 00:01:51

Health: 0/31       AC:  6    Str: 20    XL:     3   Next: 25%
Magic:  2/2        EV: 10    Int:  5    God:
Gold:   20         SH:  4    Dex: 11    Spells: 2/2 levels left

rFire   . . .        a - +0 long sword
rCold   . . .        c - +0 buckler
rNeg    . . .        b - +0 scale mail
rPois   .            (helmet restricted)
rElec   .            (no cloak)
rCorr   .            (no gloves)
SInv    .            (no boots)
Will    .....        (no amulet) Stlth
                     (no ring)
HPRegen 0.25/turn    (no ring)
MPRegen 0.08/turn

%: no passive effects
@: lethally poisoned (0 -> -26), hasted, very quick
A: horns 2, retaliatory headbutt
a: no special abilities


You were on level 2 of the Dungeon.
You visited 1 branch of the dungeon, and saw 2 of its levels.

You collected 20 gold pieces.

Inventory:

Hand Weapons
 a - a +0 long sword (weapon)
Armour
 b - a +0 scale mail (worn)
 c - a +0 buckler (worn)
Scrolls
 f - a scroll of immolation
Potions
 d - a potion of might
 g - a potion of mutation {unknown}


   Skills:
 - Level 3.6 Fighting
 - Level 2.4 Long Blades
 - Level 3.6 Armour
 - Level 3.0 Dodging
 + Level 4.0 Shields


You had 2 spell levels left.
You didn't know any spells.
Your spell library was empty.

Dungeon Overview and Level Annotations

Branches:
Dungeon (2/15)

Altars:

Annotations:
D:2 Robin


Innate Abilities, Weirdness & Mutations

You have a pair of horns on your head.
You reflexively headbutt those who attack you in melee.


Message History

The hobgoblin shouts!
You headbutt the goblin.
The goblin is severely wounded.
You hear a shout!
You block the goblin's attack.
You slash the goblin!
You kill the goblin!
Robin roars a battlecry!
The goblins go into a battle-frenzy!
The goblin hits you with a +0 club.
A goblin comes into view. It is wielding a +0 dagger.
Robin says, "Kneel, worm!"
A hobgoblin comes into view.
You hit the goblin.
The goblin is severely wounded.
The goblin hits you but does no damage.
You hit the goblin.
You kill the goblin!
A goblin comes into view. It is wielding a +0 club.
A rat comes into view.
Robin throws the goblin at you! The goblin hits you but does no damage.
You are poisoned.
Your Shields skill increases to level 4!
You miss the goblin.
You feel very sick. You block the goblin's attack.
The goblin hits you with a +0 club.
The goblin hits you with a +2 dagger of venom.
You are more poisoned.
The goblin hits you with a +0 club.
Unknown command.
As you read the scroll labelled SAULOR LUFORPHI, it crumbles to dust.
The creatures around you are filled with an inner flame!
It was a scroll of immolation.
You feel very sick. The goblin hits you but does no damage.
The goblin hits you with a +2 dagger of venom.
* * * LOW HITPOINT WARNING * * *
You are more poisoned.
It was a potion of haste.
You feel yourself speed up.
You die... ..# . ... . #. g.# .. ##.# .g#.... ....# rg...

# #..###g#.#
##.##...#gg.#
#.......@gg###
........##...## .
....###.......#.#
.##..###........#
#............## ..
######.†....... .#
##.....## # ..
#....^..# #.
##.########.........


You could see Robin (inner flame), a hobgoblin (inner flame, strong), 6 goblins
and a rat (inner flame).

Vanquished Creatures
  A dart slug (D:1)
  A ribbon worm (D:2)
  A ball python (D:2)
  3 endoplasms (D:1)
  A giant cockroach (D:1)
  3 goblins
  3 hobgoblins
  6 jackals
  4 bats (D:1)
  2 frilled lizards (D:1)
  3 kobolds (D:1)
  2 rats (D:1)
30 creatures vanquished.

Notes
Turn   | Place    | Note
-------+----------+-------------------------------------------
     0 | D:1      | hawla the Minotaur Fighter began the quest for the Orb.
     0 | D:1      | Reached XP level 1. HP: 19/19 MP: 0/0
    32 | D:1      | Reached skill level 1 in Dodging
    65 | D:1      | Reached XP level 2. HP: 21/26 MP: 1/1
   483 | D:2      | Reached XP level 3. HP: 29/31 MP: 2/2
   567 | D:2      | Noticed Robin
   572 | D:2      | Reached skill level 4 in Shields
   574 | D:2      | Succumbed to a goblin's poison

Illustrated notes

Levels and vault maps discovered:
D:1:      minmay_arrival_four_circles, layout_basic
D:2:      layout_rooms, shapermc_ecumenical_altar_venn, uniq_robin, uniq_sigmund

Skill      XL: |  1  2  3 |
---------------+----------+-----
Dodging        | 2 3 |  3.0
Shields        | 4 |  4.0
Fighting       | |  3.6
Long Blades    | |  2.4
Armour         | |  3.6

Action                     || total
---------------------------++-------
  Melee: Long sword        ||    53
         Headbutt          ||     5
    Use: Scroll            ||     1
         Potion            ||     1
 Armour: Scale mail        ||    44
  Dodge: Dodged            ||    40
  Block: Buckler           ||    14
